UAA
RICHLAND RAILS @ LEUPP ARROWHEADS
06/25/2019
 
TOP OF THE 1ST
Richland Rails batting - Pitching for Leupp Arrowheads : RHP Steve Brown
Pitching: RHP Steve Brown
Batting: RHB Francisco Avelleyra 0-0: Called Strike
0-1: Ball
1-1: Swinging Strike
1-2: Ball
2-2: Strikes out swinging
Batting: RHB Andrew Hall 0-0: Called Strike
0-1: Ball
1-1: Ball
2-1: Foul Ball, location: 2F
2-2: Foul Ball, location: 2F
2-2: SINGLE (Line Drive, 8LS)
Batting: RHB Miguel Vidro 0-0: Fly out, F8 (Flyball, 89M)
Batting: RHB Jack Davis 0-0: Ball
1-0: Called Strike
1-1: Fly out, F8 (Flyball, 8RM)
Top of the 1st over - 0 run(s), 1 hit(s), 0 error(s), 1 left on base; Richland 0 - Leupp 0
BOTTOM OF THE 1ST
Leupp Arrowheads batting - Pitching for Richland Rails : RHP Huai-yu Kan
Pitching: RHP Huai-yu Kan
Batting: RHB Gabriel Pérez 0-0: Called Strike
0-1: Called Strike
0-2: Ball
1-2: Foul Ball, location: 2F
1-2: Ball
2-2: Fly out, F7 (Flyball, 7M)
Batting: RHB John Moore 0-0: Ball
1-0: Swinging Strike
1-1: Foul Ball, location: 2F
1-2: Strikes out swinging
Batting: RHB Tamasaburo Kato 0-0: Swinging Strike
0-1: Called Strike
0-2: Strikes out swinging
Bottom of the 1st over - 0 run(s), 0 hit(s), 0 error(s), 0 left on base; Richland 0 - Leupp 0
TOP OF THE 2ND
Richland Rails batting - Pitching for Leupp Arrowheads : RHP Steve Brown
Batting: RHB Alexis Smeddon 0-0: Ball
1-0: Ball
2-0: Foul Ball, location: 2F
2-1: Ground out 6-3 (Groundball, 6)
Batting: RHB Bernardo Cruz 0-0: Foul Ball, location: 2F
0-1: Ground out 1-3 (Groundball, 25)
Batting: RHB José Guerra 0-0: Called Strike
0-1: Called Strike
0-2: Ball
1-2: Ball
2-2: Foul Ball, location: 2F
2-2: Foul Ball, location: 2F
2-2: SINGLE (Groundball, 4MD)
Batting: RHB Tiaki Kunani 0-0: Foul Ball, location: 2F
0-1: Ball
1-1: Ball
2-1: TRIPLE (Line Drive, 9LS)
José Guerra scores
Batting: RHB Sake van Arem 0-0: Foul Ball, location: 2F
0-1: Ball
1-1: Swinging Strike
1-2: Fly out, F9 (Flyball, 9LM)
Top of the 2nd over - 1 run(s), 2 hit(s), 0 error(s), 1 left on base; Richland 1 - Leupp 0
BOTTOM OF THE 2ND
Leupp Arrowheads batting - Pitching for Richland Rails : RHP Huai-yu Kan
Batting: RHB Juan Tapia 0-0: Swinging Strike
0-1: Swinging Strike
0-2: Strikes out swinging
Batting: LHB Jorge Mojica 0-0: Ball
1-0: Ground out 3-1 (Groundball, 34)
Batting: LHB Mario Ramos 0-0: Fly out, F9 (Flyball, 89M)
Bottom of the 2nd over - 0 run(s), 0 hit(s), 0 error(s), 0 left on base; Richland 1 - Leupp 0
TOP OF THE 3RD
Richland Rails batting - Pitching for Leupp Arrowheads : RHP Steve Brown
Batting: RHB Francisco Avelleyra 0-0: Called Strike
0-1: Ball
1-1: Hit by Pitch
Batting: RHB Andrew Hall 0-0: Hit by Pitch
Francisco Avelleyra to second
Batting: RHB Miguel Vidro 0-0: Grounds into double play, U6-3 (Groundball, 6M)
Francisco Avelleyra to third
Batting: RHB Jack Davis 0-0: Fly out, F9 (Flyball, 9D)
Top of the 3rd over - 0 run(s), 0 hit(s), 0 error(s), 1 left on base; Richland 1 - Leupp 0
BOTTOM OF THE 3RD
Leupp Arrowheads batting - Pitching for Richland Rails : RHP Huai-yu Kan
Batting: RHB Juan Salinas 0-0: Ball
1-0: Called Strike
1-1: Ball
2-1: Swinging Strike
2-2: TRIPLE (Line Drive, 8RM)
Batting: LHB Yun Yen 0-0: Ball
1-0: Ball
2-0: Fly out, F8 (Flyball, 8RM)
Runner from 3rd tags up, SCORES, no throw
Batting: RHB Javier Vásquez 0-0: Swinging Strike
0-1: Foul Ball, location: 2F
0-2: Strikes out swinging
Batting: RHB Gabriel Pérez 0-0: Foul Ball, location: 2F
0-1: Ball
1-1: Ball
2-1: Swinging Strike
2-2: Strikes out swinging
Bottom of the 3rd over - 1 run(s), 1 hit(s), 0 error(s), 0 left on base; Richland 1 - Leupp 1
TOP OF THE 4TH
Richland Rails batting - Pitching for Leupp Arrowheads : RHP Steve Brown
Batting: RHB Alexis Smeddon 0-0: Called Strike
0-1: Swinging Strike
0-2: Ball
1-2: Foul Ball, location: 2F
1-2: Ball
2-2: Strikes out swinging
Batting: RHB Bernardo Cruz 0-0: Ball
1-0: Ball
2-0: Swinging Strike
2-1: Foul Ball, location: 2F
2-2: Fly out, F9 (Flyball, 9M)
Batting: RHB José Guerra 0-0: Ball
1-0: Called Strike
1-1: Ball
2-1: Foul Ball, location: 2F
2-2: SINGLE (Line Drive, 3)
Batting: RHB Tiaki Kunani 0-0: Ground out 5-3 (Groundball, 5)
Top of the 4th over - 0 run(s), 1 hit(s), 0 error(s), 1 left on base; Richland 1 - Leupp 1
BOTTOM OF THE 4TH
Leupp Arrowheads batting - Pitching for Richland Rails : RHP Huai-yu Kan
Batting: RHB John Moore 0-0: Foul Ball, location: 2F
0-1: Foul Ball, location: 2F
0-2: Strikes out looking
Batting: RHB Tamasaburo Kato 0-0: Ball
1-0: Swinging Strike
1-1: Called Strike
1-2: Strikes out looking
Batting: RHB Juan Tapia 0-0: Ball
1-0: Swinging Strike
1-1: Ball
2-1: Ball
3-1: Base on Balls
Batting: LHB Jorge Mojica 0-0: Called Strike
0-1: Ball
1-1: Fielders Choice at 2nd, U4 (Groundball, 4M)
Bottom of the 4th over - 0 run(s), 0 hit(s), 0 error(s), 1 left on base; Richland 1 - Leupp 1
TOP OF THE 5TH
Richland Rails batting - Pitching for Leupp Arrowheads : RHP Steve Brown
Batting: RHB Sake van Arem 0-0: Called Strike
0-1: Called Strike
0-2: Foul Ball, location: 2F
0-2: SINGLE (Groundball, 4M)
Batting: RHB Francisco Avelleyra 0-0: Fly out, F9 (Flyball, 89M)
Batting: RHB Andrew Hall 0-0: Ball
1-0: Ball
2-0: Called Strike
2-1: Ground out 4-3 (Groundball, 4M)
Sake van Arem to second
Batting: RHB Miguel Vidro 0-0: Ball
1-0: Foul Ball, location: 2F
1-1: Fly out, F8 (Flyball, 8RM)
Top of the 5th over - 0 run(s), 1 hit(s), 0 error(s), 1 left on base; Richland 1 - Leupp 1
BOTTOM OF THE 5TH
Leupp Arrowheads batting - Pitching for Richland Rails : RHP Huai-yu Kan
Batting: LHB Mario Ramos 0-0: Swinging Strike
0-1: Foul Ball, location: 2F
0-2: Ground out 1-3 (Groundball, 15)
Batting: RHB Juan Salinas 0-0: Called Strike
0-1: Foul Ball, location: 2F
0-2: Ball
1-2: Fly out, F8 (Line Drive, 89S)
Batting: LHB Yun Yen 0-0: Foul Ball, location: 2F
0-1: Ball
1-1: Swinging Strike
1-2: Ball
2-2: Ball
3-2: Foul Ball, location: 2F
3-2: Strikes out swinging
Bottom of the 5th over - 0 run(s), 0 hit(s), 0 error(s), 0 left on base; Richland 1 - Leupp 1
TOP OF THE 6TH
Richland Rails batting - Pitching for Leupp Arrowheads : RHP Steve Brown
Batting: RHB Jack Davis 0-0: Ball
1-0: Ball
2-0: Ball
3-0: Base on Balls
Batting: RHB Alexis Smeddon 0-0: Ball
1-0: Foul Ball, location: 2F
1-1: Called Strike
1-2: Strikes out swinging
Batting: RHB Bernardo Cruz 0-0: Ball
1-0: Called Strike
1-1: Swinging Strike
1-2: Ball
2-2: Hit by Pitch
Jack Davis to second
Batting: RHB José Guerra 0-0: Foul Ball, location: 2F
0-1: Called Strike
0-2: Ball
1-2: Ball
2-2: Foul Ball, location: 2F
2-2: Foul Ball, location: 2F
2-2: Foul Ball, location: 2F
2-2: Ball
3-2: Fly out, F4 (Popup, 3)
Batting: RHB Tiaki Kunani 0-0: Called Strike
0-1: Ball
1-1: Ball
2-1: SINGLE (Line Drive, 4M)
Jack Davis to third
Bernardo Cruz to second
Batting: RHB Sake van Arem 0-0: Called Strike
0-1: Foul Ball, location: 2F
0-2: Strikes out swinging
Top of the 6th over - 0 run(s), 1 hit(s), 0 error(s), 3 left on base; Richland 1 - Leupp 1
BOTTOM OF THE 6TH
Leupp Arrowheads batting - Pitching for Richland Rails : RHP Huai-yu Kan
Batting: RHB Javier Vásquez 0-0: Swinging Strike
0-1: Ball
1-1: Hit by Pitch
Batting: RHB Gabriel Pérez 0-0: Reached on error, E2 (Groundball, 2L)
Javier Vásquez to third
Batting: RHB John Moore 0-0: Ball
1-0: Swinging Strike
1-1: Foul Ball, location: 2F
1-2: Foul Ball, location: 2F
1-2: Strikes out swinging
Batting: RHB Tamasaburo Kato 0-0: Intentional Walk
Batting: RHB Juan Tapia 0-0: Ball
1-0: Grounds into double play, 5-4-3 (Groundball, 56)
Bottom of the 6th over - 0 run(s), 0 hit(s), 1 error(s), 2 left on base; Richland 1 - Leupp 1
TOP OF THE 7TH
Richland Rails batting - Pitching for Leupp Arrowheads : RHP Steve Brown
Batting: RHB Francisco Avelleyra 0-0: Called Strike
0-1: Ball
1-1: Foul Ball, location: 2F
1-2: Strikes out swinging
Pinch Hitting: LHB Kevin Montgomery 0-0: Fly out, F7 (Flyball, 7LS)
Batting: RHB Miguel Vidro 0-0: Ground out 5-3 (Groundball, 5S)
Top of the 7th over - 0 run(s), 0 hit(s), 0 error(s), 0 left on base; Richland 1 - Leupp 1
BOTTOM OF THE 7TH
Leupp Arrowheads batting - Pitching for Richland Rails : RHP Huai-yu Kan
Now at C: Jimmy DeWitt
Batting: LHB Jorge Mojica 0-0: Foul Ball, location: 2F
0-1: Ground out 4-3 (Groundball, 4)
Batting: LHB Mario Ramos 0-0: Called Strike
0-1: Called Strike
0-2: Foul Ball, location: 2F
0-2: Foul Ball, location: 2F
0-2: Strikes out looking
Pinch Hitting: LHB Jim Unknown 0-0: Swinging Strike
0-1: Called Strike
0-2: Strikes out looking
Bottom of the 7th over - 0 run(s), 0 hit(s), 0 error(s), 0 left on base; Richland 1 - Leupp 1
TOP OF THE 8TH
Richland Rails batting - Pitching for Leupp Arrowheads : RHP Steve Brown
Pitching: RHP António Fabián
Now in RF: Jim Unknown
Pinch Hitting: SHB Wayne Saunders 0-0: Ball
1-0: Ball
2-0: Ball
3-0: Base on Balls
Pinch Runner at 1st César López:
Batting: RHB Alexis Smeddon 0-0: 2-RUN HOME RUN (Flyball, 7D), Distance : 378 ft
Batting: RHB Bernardo Cruz 0-0: Ball
1-0: Called Strike
1-1: Called Strike
1-2: Strikes out looking
Batting: RHB José Guerra 0-0: Called Strike
0-1: Ball
1-1: Foul Ball, location: 2F
1-2: Ball
2-2: Foul Ball, location: 2F
2-2: Ball
3-2: Foul Ball, location: 2F
3-2: Foul Ball, location: 2F
3-2: Foul Ball, location: 2F
3-2: Base on Balls
Batting: RHB Tiaki Kunani 0-0: Called Strike
0-1: Swinging Strike
0-2: Ball
1-2: DOUBLE (Flyball, 7M)
José Guerra to third
José Guerra scores
Pitching: RHP Harrison Teague
Batting: RHB Sake van Arem 0-0: Ball
1-0: Called Strike
1-1: Swinging Strike
1-2: SINGLE (Groundball, 4MD)
Tiaki Kunani to third
Runner from 3rd tries for Home, throw and OUT!
Sake van Arem to second
Batting: RHB Francisco Avelleyra 0-0: Ball
1-0: Ball
2-0: Ball
3-0: Called Strike
3-1: Fly out, F4 (Popup, 4MD)
Top of the 8th over - 3 run(s), 3 hit(s), 0 error(s), 1 left on base; Richland 4 - Leupp 1
BOTTOM OF THE 8TH
Leupp Arrowheads batting - Pitching for Richland Rails : RHP Huai-yu Kan
Now at 1B: César López
Batting: LHB Yun Yen 0-0: Foul Ball, location: 2F
0-1: Ground out 3-1 (Groundball, 34)
Batting: RHB Javier Vásquez 0-0: Called Strike
0-1: Fly out, F6 (Popup, 6M)
Batting: RHB Gabriel Pérez 0-0: Called Strike
0-1: Ball
1-1: Ball
2-1: Fly out, F7 (Popup, 7S)
Bottom of the 8th over - 0 run(s), 0 hit(s), 0 error(s), 0 left on base; Richland 4 - Leupp 1
TOP OF THE 9TH
Richland Rails batting - Pitching for Leupp Arrowheads : RHP Harrison Teague
Batting: RHB Jimmy DeWitt 0-0: SINGLE (Groundball, 5L)
Batting: RHB Miguel Vidro 0-0: Ball
1-0: Ball
2-0: Called Strike
2-1: Foul Ball, location: 2F
2-2: Ball
3-2: Foul Ball, location: 2F
3-2: Strikes out swinging
Batting: RHB César López 0-0: Called Strike
0-1: Ball
1-1: Ground out 5-3 (Groundball, 5S)
Jimmy DeWitt to second
Batting: RHB Alexis Smeddon 0-0: Ball
1-0: SINGLE (Flyball, 9LS)
Jimmy DeWitt to third
Batting: RHB Bernardo Cruz 0-0: Ball
1-0: Foul Ball, location: 2F
1-1: Foul Ball, location: 2F
1-2: Strikes out swinging
Top of the 9th over - 0 run(s), 2 hit(s), 0 error(s), 2 left on base; Richland 4 - Leupp 1
BOTTOM OF THE 9TH
Leupp Arrowheads batting - Pitching for Richland Rails : RHP Huai-yu Kan
Pitching: RHP Emílio Zaragoza
Batting: RHB John Moore 0-0: Ground out 5-3 (Groundball, 5S)
Batting: RHB Tamasaburo Kato 0-0: Called Strike
0-1: Ball
1-1: Ball
2-1: Foul Ball, location: 2F
2-2: Strikes out swinging
Batting: RHB Juan Tapia 0-0: Ball
1-0: Fly out, F8 (Flyball, 8RXD)
Bottom of the 9th over - 0 run(s), 0 hit(s), 0 error(s), 0 left on base; Richland 4 - Leupp 1
This league is powered by Out of the Park Baseball, the baseball management simulation game for PC, Mac and Linux
Saturday, July 25th, 2015 - OOTP Baseball 15.6 Build 34